 Dungeon Crawl Stone Soup version 0.25.1-2-g60ff931df9 (webtiles) character file.

Game seed: 11240691682140086415

28 Martska the Skirmisher (level 3, 0/34 HPs)
             Began as a Naga Fighter on Aug 10, 2020.
             Slain by an iguana (11 damage)
             ... on level 1 of the Dungeon.
             The game lasted 00:01:51 (1033 turns).

Martska the Skirmisher (Naga Fighter)               Turns: 1033, Time: 00:01:51

Health: 0/34       AC:  5    Str: 18    XL:     3   Next: 12%
Magic:  3/3        EV:  5    Int:  9    God:
Gold:   32         SH:  8    Dex: 10    Spells: 2/2 levels left

rFire    . . .     SeeInvis +   a - +0 trident
rCold    . . .     Gourm    .   c - +0 kite shield
rNeg     . . .     Faith    .   b - +0 scale mail
rPois    +         Spirit   .   j - +0 helmet
rElec    .         Reflect  .   (no cloak)
rCorr    .         Harm     .   (no gloves)
MR       .....                  (no barding)
Stlth    ..........             (no amulet)
HPRegen  0.11/turn              (no ring)
MPRegen  0.08/turn              (no ring)

@: mighty, very slow
A: large, see invisible, deformed body, poison resistance, slowness 2, slow
metabolism 1, spit poison 1, AC +1
a: Spit Poison


You were on level 1 of the Dungeon.
You were not hungry.

You visited 1 branch of the dungeon, and saw 2 of its levels.

You collected 32 gold pieces.

Inventory:

Hand Weapons
 a - a +0 trident (weapon)
Armour
 b - a +0 scale mail (worn)
 c - a +0 kite shield (worn)
 j - a +0 helmet (worn)
Jewellery
 l - an uncursed ring of magical power {unknown}
 o - a +6 ring of strength {unknown}
Scrolls
 g - a scroll of enchant weapon {unknown}
 h - a scroll of identify {unknown}
 k - a scroll of remove curse {unknown}
 m - 2 scrolls of fog {unknown}
Potions
 d - 2 potions of might
 e - a potion of invisibility {unknown}
 n - a potion of resistance
 p - a potion of ambrosia {unknown}
Comestibles
 f - 3 rations


   Skills:
 * Level 3.4 Fighting
 * Level 2.5 Polearms
 - Level 2.4 Armour
 + Level 0.6 Dodging
 + Level 2.6 Shields


You had 2 spell levels left.
You didn't know any spells.
Your spell library was empty.

Dungeon Overview and Level Annotations

Branches:
Dungeon (2/15)

Altars:

Annotations:
D:1 Terence
D:2 Robin


Innate Abilities, Weirdness & Mutations

You cannot wear boots.
Your serpentine skin is tough. (AC +1)
You have supernaturally acute eyesight. (SInv)
Armour fits poorly on your strangely shaped body.
Your system is resistant to poisons. (rPois)
You cover ground very slowly.
You have a slow metabolism.
You can spit poison.


Message History

You closely miss the bat. The bat hits you but does no damage.
The bat hits you. The rat barely misses you. The goblin barely misses you.
You block the bat's attack. The iguana bites you. The rat barely misses you.
The goblin hits you but does no damage.
You hit the bat.
You kill the bat!
The iguana bites you! The rat completely misses you.
The goblin hits you with a +0 club. The iguana barely misses you.
You block the goblin's attack. The iguana bites you.
Terence asks, "Do you want it fast or slow?"
You block the rat's attack. You block the iguana's attack.
The iguana bites you.
* * * LOW HITPOINT WARNING * * *
You feel very mighty all of a sudden.
The iguana bites you but does no damage.
You puncture the iguana!
The iguana is heavily wounded.
The iguana bites you!
You die...

.# #........# #.# #.# .#
#........# #.# #.# ##
#........# #.# ####.# ###
########.## #.# #.##.## ..#
#.....######.# #.....# #.#
#............# #.##### #.#
#.....######## #.# ..#
###.....##### #.# ###
#........@lg# #.#
########.#########r#### #.#
.....................>#####.#
########.###.#####..))).....#
#.# #.# ##.#)#######
#####.###.### #.#.#
#...........# #.#.#
#........#..# #.#.#
#........#..# #.#.#


You could see an iguana, a goblin (strong) and a rat.

Vanquished Creatures
  A dart slug (D:1)
  A leopard gecko (D:1)
  4 bats (D:1)
  A giant cockroach (D:1)
  9 goblins (D:1)
  2 hobgoblins (D:1)
  A ball python (D:1)
  A rat (D:1)
20 creatures vanquished.

Notes
Turn   | Place    | Note
-------+----------+-------------------------------------------
     0 | D:1      | Martska the Naga Fighter began the quest for the Orb.
     0 | D:1      | Reached XP level 1. HP: 21/21 MP: 1/1
   264 | D:1      | Reached XP level 2. HP: 28/28 MP: 2/2
   705 | D:2      | Noticed Robin
   829 | D:2      | Noticed Terence
   848 | D:1      | Reached XP level 3. HP: 15/34 MP: 3/3
  1033 | D:1      | Slain by an iguana

Illustrated notes

Levels and vault maps discovered:
D:1:      dpeg_arrival_solitude, layout_basic
D:2:      layout_basic, zin_scriptorium, uniq_crazy_yiuf_cottage, uniq_terence,
          uniq_robin

Action                   || total
-------------------------++-------
Melee: Trident           ||    70
  Use: Potion            ||     1
Armor: Scale mail        ||    77
Dodge: Dodged            ||    27
Block: Kite shield       ||    56
